 Dungeon Crawl Stone Soup version 0.28.0-53-g5a82cb258f (webtiles) character file.

Game seed: 10743208601929722030

18186 issech the Basher (level 12, -8/96 HPs)
             Began as a Minotaur Monk on June 22, 2022.
             Was an Elder of Hepliaklqana.
             Mangled by a death knight
             ... wielding a +1 vampiric halberd
              (21 damage)
             ... on level 12 of the Dungeon.
             The game lasted 00:49:28 (14020 turns).

issech the Basher (Minotaur Monk)                  Turns: 14020, Time: 00:49:29

Health: -8/96      AC: 20    Str: 17    XL:     12   Next: 25%
Magic:  3/3        EV:  9    Int: 17    God:    Hepliaklqana [****..]
Gold:   563        SH:  5    Dex: 17    Spells: 11/11 levels left

rFire   + . .      SeeInvis .   J - +7 falchion "Muunogaq" {antimagic, *Noise rC++ Int+4}
rCold   + . .      Faith    .   (no shield)
rNeg    . . .      Spirit   .   w - +0 plate armour
rPois   .          Reflect  +   (helmet restricted)
rElec   .          Harm     .   I - +2 cloak
rCorr   .          Rampage  .   s - +2 pair of gloves
Will    .....                   (no boots)
Stlth   ..........              B - amulet of reflection
HPRegen 0.26/turn               a - +6 ring of intelligence
MPRegen 0.08/turn               f - ring of fire

@: studying Throwing
A: reduced essence, horns 2, retaliatory headbutt
a: Renounce Religion, Recall Ancestor, Ancestor Identity, Transference, Idealise


You were on level 12 of the Dungeon.
You worshipped Hepliaklqana.
Hepliaklqana was greatly pleased with you.
You visited 2 branches of the dungeon, and saw 13 of its levels.

You collected 563 gold pieces.

Inventory:

Hand Weapons
 g - a +3 glaive
 v - a +1 double sword of holy wrath
 C - a +0 hunting sling
 G - a +2 dagger of venom
 J - the +7 falchion "Muunogaq" (weapon) {antimagic, *Noise rC++ Int+4}
   (You found it on level 10 of the Dungeon)

   It reduces the magical energy of the wielder, and disrupts the spells and
   magical abilities of those it strikes.
   Natural abilities and divine invocations are not affected.
   Int:       It affects your intelligence (+4).
   rC:        It greatly protects you from cold.
   *Noise:    It may make noises in combat.
 P - a +2 flail of protection
 Q - a +3 scimitar of flaming
 U - a +4 vampiric short sword
Missiles
 b - 66 bolts
 c - 3 boomerangs (quivered)
 e - 19 poisoned darts
 i - 106 arrows
 k - 82 sling bullets
 l - 9 javelins
 n - 394 stones
Armour
 s - a +2 pair of gloves (worn)
 w - a +0 plate armour (worn)
 y - the +0 leather armour "Pyuh Vysom" {rElec Regen+ Int-2}
   (You found it on level 4 of the Dungeon)

   Int:       It affects your intelligence (-2).
   rElec:     It insulates you from electricity.
   Regen:     It increases your rate of health regeneration.
 E - +0 acid dragon scales
 I - a +2 cloak (worn)
 Y - +0 swamp dragon scales
Jewellery
 a - a +6 ring of intelligence (left hand)
 f - a ring of fire (right hand)
 B - an amulet of reflection (around neck)
Wands
 u - a wand of acid (2)
 H - a wand of polymorph (7)
 L - a wand of paralysis (12)
 R - a wand of flame (42)
 V - a wand of charming (10)
 Z - a wand of iceblast (8)
Scrolls
 d - a scroll of brand weapon
 h - 8 scrolls of teleportation
 j - a scroll of fog
 m - 2 scrolls of enchant armour
 r - 3 scrolls of holy word {unknown}
 t - a scroll of amnesia
 A - a scroll of fear
 F - 2 scrolls of vulnerability {unknown}
 K - 3 scrolls of noise {unknown}
 N - 2 scrolls of silence
 O - a scroll of summoning
 T - a scroll of magic mapping {unknown}
Potions
 o - 6 potions of curing
 p - 5 potions of mutation {unknown}
 q - 2 potions of ambrosia {unknown}
 x - 3 potions of attraction {unknown}
 z - a potion of cancellation
 D - 4 potions of lignification {unknown}
 M - 3 potions of degeneration {unknown}
 S - 3 potions of might {unknown}
 W - 3 potions of berserk rage {unknown}
 X - 2 potions of heal wounds {unknown}


   Skills:
 + Level 10.5 Fighting
 + Level 8.1(8.8) Short Blades
 + Level 5.6(8.0) Long Blades
 + Level 4.2(8.6) Axes
 + Level 11.5(11.8) Maces & Flails
 + Level 5.9 Throwing
 + Level 8.9 Armour
 + Level 9.4 Dodging
 + Level 4.8 Stealth
 + Level 3.0 Shields


You had 11 spell levels left.
You didn't know any spells.
Your spell library contained the following spells:

 Spells                   Type           Power      Damage    Failure   Level
 Apportation              Tloc           0%         N/A       100%        1
 Foxfire                  Conj/Fire      0%         2x1d4     100%        1
 Pain                     Necr           0%         1d4       100%        1
 Shock                    Conj/Air       0%         1d3       100%        1
 Slow                     Hex            0%         N/A       100%        1
 Sting                    Tmut/Pois      0%         1d3       100%        1
 Blink                    Tloc           0%         N/A       100%        2
 Poisonous Vapours        Pois/Air       0%         N/A       100%        2
 Scorch                   Fire           0%         2d5       100%        2
 Confusing Touch          Hex            0%         N/A       100%        3
 Conjure Flame            Conj/Fire      0%         6-21      100%        3
 Inner Flame              Hex/Fire       0%         N/A       100%        3
 Lesser Beckoning         Tloc           0%         N/A       100%        3
 Swiftness                Air            0%         N/A       100%        3
 Vampiric Draining        Necr           0%         2d6       100%        3
 Airstrike                Air            0%         N/A       100%        4
 Flame Wave               Conj/Fire      0%         2d4       100%        4
 Olgreb's Toxic Radiance  Pois           0%         N/A       100%        4
 Agony                    Necr           0%         N/A       100%        5
 Alistair's Intoxication  Tmut/Pois      0%         N/A       100%        5
 Excruciating Wounds      Necr           0%         N/A       100%        5
 Manifold Assault         Tloc           0%         N/A       100%        5
 Yara's Violent Unravell  Hex/Tmut       0%         3d3       100%        5
 Summon Cactus Giant      Summ           0%         N/A       100%        6
 Enfeeble                 Hex            0%         N/A       100%        7


Dungeon Overview and Level Annotations

Branches:
Dungeon (12/15)            Temple (1/1) D:5            Lair (0/6) D:9
    Orc: D:9-12

Altars:
Ashenzari
Cheibriados
Dithmenos
Elyvilon
Fedhas
Gozag
Hepliaklqana
Kikubaaqudgha
Makhleb
Nemelex Xobeh
Okawaru
Qazlal
Ru
Sif Muna
Trog
Uskayaw
Vehumet
Wu Jian
Xom
Yredelemnul
Zin
The Shining One

Portals:
Abyss: D:5

Annotations:
D:12 Psyche


Innate Abilities, Weirdness & Mutations

Your life essence is reduced to manifest your ancestor. (-10% HP)
You have a pair of horns on your head.
You reflexively headbutt those who attack you in melee.


Message History

You headbutt the skeletal warrior.
The skeletal warrior hits you with a +0 hand axe.
There is an open door here.
You feel yourself speed up.
You hear something mumble some strange prayers to Yredelemnul against you.
Your body is wracked with pain!
* * * LOW HITPOINT WARNING * * *
You hit the skeletal warrior but do no damage.
The skeletal warrior is almost destroyed.
The skeletal warrior hits you but does no damage.
You slash the skeletal warrior!
You destroy the skeletal warrior!
Something hits you!!
* * * LOW HITPOINT WARNING * * *
A death knight appears from thin air!
Reactivating autopickup.
A death knight comes into view. It is wielding a +1 vampiric halberd.
The death knight offers itself to Yredelemnul, and fills with unholy energy.
You hear some strange, mumbled words.
A swirling arc of seething chaos appears!
An arc of chaos appears from out of thin air!
The arc of chaos hits the skeletal warrior.
The skeletal warrior appears confused.
There is a stone staircase leading down here.
The death knight's dark mirror aura disappears.
You open the door.
Found a scroll of fog.
There is an open door here.
You see here a scroll of fog.
You open the door. The wraith completely misses you.
There is an open door here.
Psammuthes emerges from the mists of memory!
Psammuthes hits the wraith with a +0 quarterstaff!!
Psammuthes hits the wraith with a +0 quarterstaff.
There is an escape hatch in the ceiling here.
Psammuthes hits the wraith with a +0 quarterstaff!!
The wraith is destroyed!
Something closely misses Psammuthes.
The death knight hits you from afar with a +1 vampiric halberd!!
You die...

#.........# #..###.
#.........# #..###.
#.......[.# #......
##.# ##..... #..#
##.### ####'#######
##..### #..[.......###
#......
#..........'.####..<...
#.....@....#...##......
#..........###.##......
#.....pR...# #..'..[...
#......{...# ####......
#......z...# #......
#..........# #......
########'### ####'###
#.?.# #....# ##p###
##'######


You could see the friendly Psammuthes the battlemage, a death knight and a
skeletal warrior.

Vanquished Creatures
  A boulder beetle (D:12)
  A two-headed ogre (D:10)
  Urug (D:10)
  A skeletal warrior (D:12)
  3 lindwurms (D:11)
  Maurice (D:12)
  Joseph (D:7)
  A gargoyle (D:10)
  3 meliai (D:11)
  Grinder (D:6)
  A meliai zombie (D:11)
  5 yaks
  3 wraiths (D:10)
  2 wyverns
  A steam dragon (D:6)
  Edmund (D:5)
  Menkaure (D:4)
  2 ice beasts (D:7)
  A black bear (D:9)
  3 necrophages (D:5)
  A small abomination (D:5)
  A centaur (D:8)
  A kobold brigand (D:8)
  2 bullfrogs
  A wyvern zombie (D:9)
  A scorpion (D:4)
  A water moccasin skeleton (D:7)
  3 howler monkeys
  A centaur zombie (D:7)
  A centaur skeleton (D:4)
  A jelly (D:5)
  2 orc priests
  Crazy Yiuf (D:4)
  2 gnoll shamans
  3 hounds
  Natasha (thrice) (D:3)
  An iguana (D:4)
  5 orc wizards
  A hound skeleton (D:5)
  A hound zombie (D:5)
  Robin (D:3)
  6 gnolls
  3 adders
  2 adder skeletons (D:4)
  2 worms (D:2)
  3 dart slugs
  9 orcs
  4 ball pythons
  4 bats
  8 endoplasms
  A giant cockroach (D:1)
  12 goblins
  16 hobgoblins
  8 jackals
  10 kobolds
  A quokka (D:2)
  A frilled lizard (D:2)
  4 rats
162 creatures vanquished.

Vanquished Creatures (collateral kills)
  A hydra (D:7)
  A death knight (D:11)
  Erica (D:9)
  A skeletal warrior (D:11)
  The ghost of Brotato the Skirmisher, a novice MiFi of Gozag (D:6)
  A lindwurm (D:11)
  A cyclops (D:11)
  A manticore (D:11)
  Maggie (D:10)
  A troll (D:10)
  2 wraiths
  Sigmund (D:5)
  A shadow (D:10)
  5 yaks
  A wyvern (D:10)
  The ghost of SanguineChosen the Chopper, an amateur HOCA of Ignis (D:5)
  A vampire (D:10)
  Eustachio (D:6)
  A steam dragon (D:10)
  An acid dragon (D:11)
  2 water moccasins (D:9)
  3 orc warriors
  A sky beast (D:7)
  2 ice beasts
  3 black bears
  2 ogres
  4 bullfrogs
  4 centaur zombies
  2 quasits (D:5)
  An orc priest (D:8)
  A bullfrog zombie (D:7)
  An iguana (D:7)
  3 orc wizards
  2 howler monkey zombies (D:9)
  2 adders (D:5)
  2 gnolls
  2 white imps (D:8)
  An ufetubus (D:5)
  7 orcs
  A quokka (D:6)
  3 kobolds (D:8)
74 creatures vanquished.

Vanquished Creatures (others)
  7 battlemagi
  14 fungi (D:9)
  11 plants (D:9)
  5 toadstools (D:1)
37 creatures vanquished.

Grand Total: 273 creatures vanquished

Notes
Turn   | Place    | Note
-------+----------+-------------------------------------------
     0 | D:1      | issech the Minotaur Monk began the quest for the Orb.
     0 | D:1      | Reached XP level 1. HP: 19/19 MP: 0/0
   218 | D:1      | Reached XP level 2. HP: 24/27 MP: 1/1
   572 | D:1      | Found a faded altar of an unknown god.
   856 | D:2      | Reached XP level 3. HP: 20/33 MP: 2/2
  2145 | D:3      | Identified the +2 helmet "Byasei" {rC+ Dex+3}
  2145 | D:3      | Noticed Robin
  2147 | D:3      | Reached skill level 1 in Short Blades
  2163 | D:3      | Killed Robin
  2164 | D:3      | Reached skill level 1 in Armour
  2164 | D:3      | Reached XP level 4. HP: 19/40 MP: 3/3
  2282 | D:3      | Noticed Natasha
  2296 | D:3      | Killed Natasha
  2623 | D:3      | Noticed Natasha
  2634 | D:3      | Killed Natasha
  2705 | D:4      | Reached XP level 5. HP: 28/46 MP: 4/4
  3268 | D:4      | Noticed Menkaure
  3291 | D:4      | Identified the +0 leather armour "Pyuh Vysom" {rElec Regen+
                  | Int-2}
  3431 | D:4      | Found a runed translucent door.
  3432 | D:4      | Noticed Crazy Yiuf
  3722 | D:3      | Noticed Natasha
  3730 | D:3      | Killed Natasha
  3731 | D:3      | Reached XP level 6. HP: 33/53 MP: 5/5
  3823 | D:4      | Killed Menkaure
  4279 | D:4      | Killed Crazy Yiuf
  4280 | D:4      | Reached XP level 7. HP: 60/60 MP: 6/6
  4316 | D:5      | Entered Level 5 of the Dungeon
  4338 | D:5      | Reached skill level 5 in Fighting
  4350 | D:5      | Reached skill level 5 in Short Blades
  4557 | D:5      | Reached skill level 5 in Dodging
  4591 | D:5      | Found a staircase to the Ecumenical Temple.
  4603 | Temple   | Entered the Ecumenical Temple
  4658 | Temple   | Became a worshipper of Hepliaklqana the Forgotten
  4658 | Temple   | Reached * piety under Hepliaklqana
  4658 | Temple   | Reached ** piety under Hepliaklqana
  4659 | Temple   | Remembered your ancestor Psammuthes as a battlemage
  5019 | D:5      | Found a transporter.
  5043 | D:5      | Noticed Edmund
  5061 | D:5      | Killed Edmund
  5062 | D:5      | Reached XP level 8. HP: 46/63 MP: 7/7
  5115 | D:5      | Noticed Sigmund
  5122 | D:5      | Killed Sigmund
  5183 | D:5      | Found a transporter.
  5204 | D:5      | Noticed SanguineChosen's ghost (amateur HOCA)
  5241 | D:5      | Found a one-way gate to the infinite horrors of the Abyss.
  5333 | D:5      | Killed SanguineChosen's ghost
  5344 | D:5      | Reached skill level 5 in Armour
  5437 | D:6      | Reached skill level 1 in Maces & Flails
  5520 | D:6      | Found an iron altar of Okawaru.
  5520 | D:6      | Found a radiant altar of Vehumet.
  5568 | D:6      | Reached skill level 2 in Maces & Flails
  5598 | D:6      | Reached XP level 9. HP: 71/71 MP: 8/8
  5679 | D:6      | Noticed Eustachio
  5696 | D:6      | Killed Eustachio
  5790 | D:6      | Found a runed translucent door.
  5797 | D:6      | Noticed Brotato's ghost (novice MiFi)
  5810 | D:6      | Killed Brotato's ghost
  5811 | D:6      | Reached skill level 4 in Maces & Flails
  5815 | D:6      | Found a runed translucent door.
  5904 | D:6      | Noticed Grinder
  5917 | D:6      | Killed Grinder
  5918 | D:6      | Reached skill level 5 in Maces & Flails
  6828 | D:7      | Reached skill level 6 in Maces & Flails
  6971 | D:7      | Noticed Joseph
  6984 | D:7      | Killed Joseph
  6985 | D:7      | Reached skill level 7 in Maces & Flails
  7110 | D:7      | Found a basalt altar of Yredelemnul.
  7184 | D:7      | Reached *** piety under Hepliaklqana
  7512 | D:8      | Reached XP level 10. HP: 65/79 MP: 9/9
  7606 | D:8      | Noticed a four-headed hydra
  7781 | D:7      | Killed a four-headed hydra
  7782 | D:7      | Reached skill level 8 in Maces & Flails
  7967 | D:8      | Found a glowing golden altar of the Shining One.
  8275 | D:9      | Found a staircase to the Lair.
  8284 | D:9      | Reached skill level 9 in Maces & Flails
  8549 | D:9      | Reached **** piety under Hepliaklqana
  8647 | D:9      | Noticed Erica
  8660 | D:9      | Killed Erica
  8661 | D:9      | Reached skill level 10 in Maces & Flails
  8661 | D:9      | Reached skill level 1 in Throwing
  9137 | D:10     | Entered Level 10 of the Dungeon
  9149 | D:10     | Found an opulent altar of Gozag.
  9203 | D:10     | Noticed Urug
  9216 | D:10     | Killed Urug
  9217 | D:10     | Reached XP level 11. HP: 54/87 MP: 10/10
  9350 | D:10     | Noticed a two-headed ogre
  9357 | D:10     | Killed a two-headed ogre
  9358 | D:10     | Reached skill level 11 in Maces & Flails
  9436 | D:10     | Identified the +7 falchion "Muunogaq" {antimagic, *Noise
                  | rC++ Int+4}
  9473 | D:10     | Noticed Maggie
  9482 | D:10     | Killed Maggie
  9989 | D:11     | Reached skill level 1 in Long Blades
  9996 | D:11     | Reached skill level 10 in Fighting
 10030 | D:11     | Noticed a death knight
 10032 | D:11     | Noticed a skeletal warrior
 10302 | D:10     | Reached skill level 1 in Shields
 11394 | D:11     | Noticed a lindwurm
 11645 | D:11     | Noticed a lindwurm
 11645 | D:11     | Noticed a lindwurm
 11649 | D:11     | Noticed a lindwurm
 12000 | D:11     | Killed a skeletal warrior
 12562 | D:11     | Killed a death knight
 12565 | D:11     | Identified a scroll of acquirement
 12566 | D:11     | Acquired a manual of Throwing
 12783 | D:11     | Killed a lindwurm
 12784 | D:11     | Reached skill level 5 in Long Blades
 12784 | D:11     | Reached XP level 12. HP: 56/96 MP: 3/11
 13604 | D:12     | Noticed Maurice
 13609 | D:12     | Killed Maurice
 13659 | D:12     | Found a bloodstained altar of Trog.
 13741 | D:12     | Noticed a boulder beetle
 13761 | D:12     | Killed a boulder beetle
 13762 | D:12     | Reached skill level 5 in Throwing
 13970 | D:12     | Noticed Psyche
 14000 | D:12     | Noticed a death knight
 14020 | D:12     | Mangled by a death knight

Illustrated notes

Levels and vault maps discovered:
D:1:      ldierk_walled_garden, layout_basic,
          shapermc_ecumenical_altar_mp_vishouse
D:2:      minmay_angry_zag, layout_basic
D:3:      layout_loops_ring, grunt_decor_resistance, uniq_natasha, uniq_robin
D:4:      layout_gridville, uniq_menkaure, uniq_crazy_yiuf_cottage
D:5:      layout_loops_cross, minmay_temple_entry_glassed_door,
          gammafunk_ghost_abyssal_escape, uniq_edmund, uniq_sigmund
D:6:      layout_loops_ring, amethyst_overflow_temple_binary,
          ebering_ghost_sewer_f, bh_walls_and_bars, uniq_eustachio, uniq_grinder
D:7:      layout_cave_pods, lemuel_doored_altar, due_unseen_surprise,
          uniq_joseph
D:8:      layout_cave_pools, nicolae_overflow_hidden_temple
D:9:      layout_basic, due_lair_maze_entry_diamond, hex_medium, uniq_erica
D:10:     layout_roguey, overflow_temple_1_default, uniq_maggie, uniq_urug
D:11:     layout_rooms, minmay_lindwurm_lava
D:12:     layout_roguey, orc_0_dummy, trog_three_pillars_becter, uniq_maurice,
          uniq_psyche
Temple:   minmay_crystal_spiral_temple

Skill      XL: |  1  2  3  4  5  6  7  8  9 10 11 12 |
---------------+-------------------------------------+-----
Axes           | 4 |  4.2
Fighting       | 4 5 7 9 10 | 10.5
Dodging        | 4 5 6 7 8 9 |  9.4
Short Blades   | 1 2 3 4 6 7 8 |  8.1
Armour         | 1 2 3 4 5 6 8 |  8.9
Stealth        | 2 3 4 |  4.8
Maces & Flails | 2 7 10 11 | 11.5
Throwing       | 1 2 5 |  5.9
Long Blades    | 5 |  5.6
Shields        | 3 |  3.0

Action                   |  1- 3 |  4- 6 |  7- 9 | 10-12 || total
-------------------------+-------+-------+-------+-------++-------
Melee: Hand axe          |    11 |       |       |       ||    11
       Short sword       |   108 |   118 |       |       ||   226
       Headbutt          |    13 |    21 |    40 |    72 ||   146
       Punch             |     4 |     1 |     4 |     8 ||    17
       Dagger            |       |    38 |   105 |       ||   143
       Flail             |       |       |    85 |   142 ||   227
       Falchion          |       |       |       |   134 ||   134
Throw: Boomerang         |       |       |       |    61 ||    61
Invok: Ancestor Life: Ba |       |       |     1 |       ||     1
  Use: Scroll            |       |     4 |     3 |     5 ||    12
       Potion            |       |       |       |     3 ||     3
 Stab: Sleeping          |     1 |       |     2 |       ||     3
       Distracted        |       |       |     1 |     3 ||     4
Armor: Robe              |    17 |       |       |       ||    17
       Ring mail         |    28 |    37 |       |       ||    65
       Leather armour    |       |     8 |    91 |    66 ||   165
       Plate armour      |       |       |       |    93 ||    93
Dodge: Dodged            |   111 |    94 |   130 |   194 ||   529
Block: Other             |       |       |       |    34 ||    34
       Reflection        |       |       |       |     1 ||     1
